 Dungeon Crawl Stone Soup version 0.27-a0-1548-gf8a67e7463 (webtiles) character file.

Game seed: 1720574975693509783

141 Lemondrips the Chopper (level 5, -4/42 HPs)
             Began as a Minotaur Hedge Wizard on July 14, 2021.
             Succumbed to an orc wizard's poison
             ... on level 4 of the Dungeon.
             The game lasted 00:03:38 (3917 turns).

Lemondrips the Chopper (Minotaur Hedge Wizard)      Turns: 3917, Time: 00:03:38

Health: -4/42      AC:  7    Str: 16    XL:     5   Next: 3%
Magic:  7/7        EV:  9    Int: 11    God:
Gold:   108        SH:  0    Dex:  9    Spells: 7/8 levels left

rFire    . . .     SeeInvis .   f - +2 whip (drain)
rCold    . . .     Faith    .   (no shield)
rNeg     . . .     Spirit   .   n - +0 scale mail
rPois    .         Reflect  .   c - +0 hat
rElec    .         Harm     .   (no cloak)
rCorr    .         Rampage  .   d - +0 pair of gloves
Will     .....                  (no boots)
Stlth    ..........             (no amulet)
HPRegen  0.14/turn              (no ring)
MPRegen  0.10/turn              (no ring)

@: confused, lethally poisoned (-4 -> -36)
A: horns 2, retaliatory headbutt
a: no special abilities


You were on level 4 of the Dungeon.
You visited 1 branch of the dungeon, and saw 4 of its levels.

You collected 108 gold pieces.

Inventory:

Hand Weapons
 a - a +0 dagger
 f - a +2 whip of draining (weapon)
Missiles
 i - 6 atropa-tipped darts
Armour
 b - a +0 robe
 c - a +0 hat (worn)
 d - a +0 pair of gloves (worn)
 n - a +0 scale mail (worn)
Wands
 m - a wand of iceblast (9)
Scrolls
 e - 3 scrolls of identify {unknown}
 h - a scroll of fear {unknown}
 j - 2 scrolls of immolation
 k - a scroll of silence {unknown}
 l - a scroll of magic mapping {unknown}
 o - a scroll of teleportation {unknown}


   Skills:
 + Level 2.6 Fighting
 * Level 3.8 Axes
 + Level 2.7 Armour
 - Level 2.1 Dodging
 - Level 1.5 Stealth
 - Level 2.1 Spellcasting
 - Level 0.6 Conjurations
 - Level 0.6 Summonings
 - Level 0.6 Translocations


You had 7 spell levels left.
You knew the following spells:

 Your Spells              Type           Power      Damage    Failure   Level
a - Magic Dart            Conj           8%         1d3       63%         1

Your spell library contained the following spells:

 Spells                   Type           Power      Damage    Failure   Level
 Blink                    Tloc           N/A        N/A       77%         2
 Call Imp                 Summ           2%         N/A       77%         2
 Static Discharge         Conj/Air       1%         N/A       80%         2
 Slow                     Hex            1%         N/A       83%         2
 Conjure Flame            Conj/Fire      1%         6-21      95%         3
 Mephitic Cloud           Conj/Pois/Air  1%         N/A       96%         3
 Dispel Undead            Necr           1%         3d6       100%        4
 Sticky Flame             Conj/Fire      1%         2d3       100%        4


Dungeon Overview and Level Annotations

Branches:
Dungeon (4/15)
 Temple: D:4-7

Altars:


Innate Abilities, Weirdness & Mutations

You have a pair of horns on your head.
You reflexively headbutt those who attack you in melee.


Message History

You are more poisoned.
You hit something.
You feel very sick.
You hear some strange, mumbled words.
Something tries to affect you, but you resist.
You miss something. Your headbutt misses something.
You feel very sick. Something hits you.
You are lethally poisoned!
* * * LOW HITPOINT WARNING * * *
You feel very sick.
* * * LOW HITPOINT WARNING * * *
You feel very sick.
You see here a +0 short sword.
* * * LOW HITPOINT WARNING * * *
You feel very sick.
* * * LOW HITPOINT WARNING * * *
You feel sick.
It was a potion of heal wounds.
You feel much better.
You feel sick.
You hear some strange, mumbled words.
You are confused.
You're too confused to move!
You feel sick. Something hits you but does no damage.
You are more poisoned.
You feel very sick.
You miss something. You headbutt something.
You feel sick. Something hits you.
* * * LOW HITPOINT WARNING * * *
You are lethally poisoned!
You bump into the rock wall.
* * * LOW HITPOINT WARNING * * *
You feel very sick. Something hits you but does no damage.
You are more poisoned.
You bump into the rock wall.
* * * LOW HITPOINT WARNING * * *
You feel very sick. Something hits you but does no damage.
You are more poisoned.
You bump into the rock wall.
You die...

..o.......# ..........
....(....# .........#
.........# #######.##
#.# #############.#
#......@{.).).#
#.#####################
#.......#.............#
#######.#.###########.#
#.....#.#<†.(....# #.#
#.#.......######.# #.#
#.#.###.#.# #.# #.#
#.......#(# #.# #.#
###.......# #.# #.#


There were no monsters in sight!

Vanquished Creatures
  6 adders
  3 dart slugs
  6 orcs
  6 ball pythons
  6 endoplasms
  2 giant cockroaches
  3 goblins
  8 hobgoblins
  4 jackals (D:3)
  A quokka (D:1)
  7 bats
  15 frilled lizards
  5 kobolds
  5 rats
77 creatures vanquished.

Vanquished Creatures (others)
  4 plants (D:1)
4 creatures vanquished.

Grand Total: 81 creatures vanquished

Notes
Turn   | Place    | Note
-------+----------+-------------------------------------------
     0 | D:1      | Lemondrips the Minotaur Hedge Wizard began the quest for
                  | the Orb.
     0 | D:1      | Reached XP level 1. HP: 14/14 MP: 2/2
    59 | D:1      | Reached skill level 1 in Axes
    64 | D:1      | Reached XP level 2. HP: 8/22 MP: 4/4
   437 | D:1      | Reached skill level 1 in Fighting
   437 | D:1      | Reached skill level 1 in Armour
   621 | D:1      | Reached skill level 2 in Axes
   764 | D:1      | You fall into a shaft and drop 1 floor!
   831 | D:2      | Reached XP level 3. HP: 23/28 MP: 5/5
  1493 | D:2      | Reached skill level 3 in Axes
  1557 | D:2      | Reached XP level 4. HP: 30/35 MP: 6/6
  2208 | D:1      | Found a faded altar of an unknown god.
  3797 | D:4      | Reached XP level 5. HP: 42/42 MP: 7/7
  3916 | D:4      | HP: 2/42 [poisoned by an orc wizard]
  3917 | D:4      | Succumbed to an orc wizard's poison

Illustrated notes

Levels and vault maps discovered:
D:1:      erik_arrival_cave_to_civilisation [erik_arrival_cave_to_hall],
          layout_basic, hellmonk_ecumenical_altar_blasted, serial_bayou_pond_b,
          grunt_decor_arrowhead, minmay_lizard_king
D:2:      layout_basic
D:3:      layout_loops_ring, minmay_misc_feat_square
D:4:      layout_basic, doesnt_xom_only_xom

Skill      XL: |  1  2  3 |
---------------+----------+-----
Axes           | 1 2 3 |  3.8
Fighting       | 1 2 |  2.6
Armour         | 1 2 |  2.7
Dodging        | |  2.1
Stealth        | |  1.5
Spellcasting   | |  2.1
Conjurations   | |  0.6
Summonings     | |  0.6
Translocations | |  0.6

Action                   |  1- 3 |  4- 6 || total
-------------------------+-------+-------++-------
Melee: Dagger            |    93 |       ||    93
       Headbutt          |    13 |    13 ||    26
       Whip              |     2 |   131 ||   133
 Cast: Magic Dart        |     1 |       ||     1
  Use: Potion            |       |     1 ||     1
 Stab: Sleeping          |     2 |     2 ||     4
Armor: Robe              |    16 |    17 ||    33
       Scale mail        |       |    16 ||    16
Dodge: Dodged            |    62 |    61 ||   123

Table legend: (Time is in decaauts)
 A = Elapsed time spent in this place.
 B = Non-inter-level travel time spent in this place.
 C = Inter-level travel time spent in this place.
 D = Time resting spent in this place.
 E = Time spent auto-exploring this place.
 F = Levels seen in this place.
 G = Mean time per level.
                   A        B        C        D        E       F      G
               +--------+--------+--------+--------+--------+-----+--------+
         Total |   3917 |   3785 |    132 |    313 |   2996 |   4 |  979.2 |
       Dungeon |   3917 |   3785 |    132 |    313 |   2996 |   4 |  979.2 |
               +--------+--------+--------+--------+--------+-----+--------+

Top non-repeatable levels by time:
     D:1: 1568 daAuts
     D:2: 1336 daAuts
     D:3: 885 daAuts
     D:4: 126 daAuts
